 Dungeon Crawl Stone Soup version 0.31-a0-174-g85c54bcb58 (webtiles) character file.

Game seed: 7012312940209275468

57 qw the Chopper (level 4, 0/28 HPs)
             Began as a Gargoyle Fighter on June 15, 2023.
             Slain by a black bear (2 damage)
             ... on level 3 of the Dungeon.
             The game lasted 00:00:48 (1879 turns).

qw the Chopper (Gargoyle Fighter)                   Turns: 1879, Time: 00:00:48

Health: 0/28       AC: 10    Str: 22    XL:     4   Next: 0%
Magic:  4/4        EV:  9    Int:  8    God:
Gold:   128        SH:  4    Dex:  9    Spells: 3/3 levels left

rFire   . . .        Y - +1 war axe
rCold   . . .        c - +0 buckler
rNeg    + . .        b - +0 scale mail
rPois   inf          (no helmet)
rElec   +            g - scarf {repulsion}
rCorr   .            (no gloves)
SInv    .            (no boots)
Will    .....        (no amulet) Stlth
                     (no ring)
HPRegen 0.24/turn    (no ring)
MPRegen 0.09/turn

%: repel missiles
@: no status effects
A: sickness immunity, AC +3, negative energy resistance 1, electricity
resistance, torment resistance 1, petrification resistance
a: no special abilities


You were on level 3 of the Dungeon.
You visited 1 branch of the dungeon, and saw 3 of its levels.

You collected 170 gold pieces.
You spent 42 gold pieces at shops.


Innate Abilities, Weirdness & Mutations

You are immune to sickness and miasma.
Your stone body is resilient. (AC +3)
You are immune to poison.
You resist negative energy. (rN+)
You are resistant to electric shocks. (rElec)
You are resistant to unholy torment.
You are immune to petrification.


   Skills:
 - Level 3.2 Fighting
 + Level 3.7 Axes
 - Level 3.2 Armour
 - Level 3.2 Shields


You had 3 spell levels left.
You didn't know any spells.
Your spell library was empty.

Inventory:

Hand Weapons
 Y - a +1 war axe (weapon)
Armour
 b - a +0 scale mail (worn)
 c - a +0 buckler (worn)
 g - a scarf of repulsion (worn)
Jewellery
 j - an amulet of reflection
Scrolls
 a - 5 scrolls of identify
 i - 3 scrolls of enchant armour
 k - a scroll of immolation {unknown}
 n - a scroll of silence {unknown}
Potions
 d - 3 potions of might
 e - 5 potions of curing
 f - a potion of lignification
 h - a potion of attraction
 l - a potion of mutation {unknown}
 m - 2 potions of magic {unknown}

Dungeon Overview and Level Annotations

Branches:
Dungeon (3/15)

Altars:

Shops:
D:1 *


Message History

The black bear closely misses you.
The black bear claws you but does no damage.
The black bear closely misses you.
You hit the black bear.
The black bear is heavily wounded.
You block the black bear's attack. The black bear claws you.
The black bear closely misses you.
You closely miss the black bear.
The black bear is heavily wounded.
The black bear bites you. You block the black bear's attack.
The black bear claws you but does no damage.
The black bear bites you but does no damage.
The black bear barely misses you. x2
You slash the black bear!
The black bear is severely wounded.
The black bear bites you. The black bear claws you.
The black bear claws you but does no damage.
You hit the black bear.
The black bear is severely wounded.
The black bear bites you but does no damage.
The black bear barely misses you.
The black bear claws you but does no damage.
You closely miss the black bear.
The black bear is severely wounded.
The black bear goes berserk!
The black bear bites you!
The black bear claws you but does no damage.
The black bear claws you.
You hit the black bear but do no damage.
The black bear is severely wounded.
The black bear bites you. You block the black bear's attack.
The black bear closely misses you. The black bear bites you.
You block the black bear's attack.
The black bear claws you but does no damage.
You closely miss the black bear.
The black bear is severely wounded.
The black bear bites you. The black bear completely misses you.
The black bear misses you.
The black bear bites you but does no damage.
The black bear claws you.
You die...

.#########...####.........###.
................+.........'...
.######.###..#......<.....####
#.# #.###.###......## #
#.###.#...# #.....##
###.......###.###..##
#.........# .. #...#
#.###.#.###.# ###.# #### #.#
#.#..@h.# #.###... #.#
#...###.# ###..#.... #.#
#.....# .. #....#.... #.#
#.#.#.###.###....#....
#.###.#.#...# #....####...
#.......#...###..........#
#####.........%.#.########
######....###.# ###### #.#


You could see a black bear (berserk).

Vanquished Creatures
  An adder (D:2)
  3 worms
  A dart slug (D:1)
  4 endoplasms
  2 giant cockroaches
  3 hobgoblins
  3 quokkas
  7 bats
  4 frilled lizards
  3 kobolds (D:1)
  9 rats
40 creatures vanquished.

Notes
Turn   | Place    | Note
-------+----------+-------------------------------------------
     0 | D:1      | qw the Gargoyle Fighter began the quest for the Orb.
     0 | D:1      | Reached XP level 1. HP: 14/14 MP: 1/1
     0 | D:1      | 0 ||| qw: Version: 0.2-a-29-g511e9b1
     0 | D:1      | 0 ||| qw: Game counter: 5185
     0 | D:1      | 0 ||| qw: Always use a shield: true
     0 | D:1      | 0 ||| qw: God list: Okawaru
     0 | D:1      | 0 ||| qw: Allow faded altars: false
     0 | D:1      | 0 ||| qw: Do Orc after D:15 true
     0 | D:1      | 0 ||| qw: Do second Lair branch before Depths: true
     0 | D:1      | 0 ||| qw: Lair rune preference: random
     0 | D:1      | 0 ||| qw: Plans: Normal, Zot:1-4, Slime:5, God:TSO, Crypt,
                  | Tomb, Abyss, Pan, Hells, Win
     0 | D:1      | 0 ||| PLANNING D:1-11
   106 | D:1      | Reached XP level 2. HP: 18/19 MP: 2/2
   138 | D:1      | 138 ||| Stepping ~*~*~tactically~*~*~ (hiding).
   184 | D:1      | 184 ||| Stepping ~*~*~tactically~*~*~ (stealth).
   190 | D:1      | 190 ||| Stepping ~*~*~tactically~*~*~ (stealth).
   496 | D:1      | Found Hibeduwy's General Store.
   501 | D:1      | 501 ||| SHOPLISTING +1 crystal plate armour (1218 gold,
                  | have 85).
   501 | D:1      | 501 ||| BUYING potion of curing (42 gold).
   501 | D:1      | Bought a potion of curing for 42 gold pieces
   553 | D:1      | Found a faded altar of an unknown god.
   586 | D:1      | 586 ||| READING 5 scrolls labelled PILOED KERPHOCO.
   587 | D:1      | 587 ||| READING scroll labelled HIERAJ AZEIW.
   588 | D:1      | 588 ||| READING scroll labelled XOBRIU OMPICKAEME.
   593 | D:1      | 593 ||| READING 4 scrolls labelled MESAER DASYD.
   745 | D:2      | 745 ||| Stepping ~*~*~tactically~*~*~ (stealth).
   755 | D:2      | Reached skill level 3 in Axes
   800 | D:2      | Reached XP level 3. HP: 14/23 MP: 3/3
  1503 | D:2      | 1503 ||| UPGRADING to scarf of repulsion.
  1508 | D:2      | 1508 ||| READING scroll labelled SAMPUI ALIAKK.
  1509 | D:2      | 1509 ||| DRINKING 2 lumpy red potions.
  1510 | D:2      | 1510 ||| READING 4 scrolls of identify.
  1510 | D:2      | 1510 ||| IDENTIFYING metallic orange potion
  1864 | D:3      | Noticed a black bear
  1872 | D:3      | Reached XP level 4. HP: 28/28 MP: 4/4
  1878 | D:3      | HP: 6/28 [black bear (3)]
  1879 | D:3      | HP: 2/28 [black bear (2)]
  1879 | D:3      | Slain by a black bear

Levels and vault maps discovered:
D:1:      dpeg_arrival_rooms_b, layout_rooms,
          dreamdust_ecumenical_altar_hidden_monk_grotto, serial_shops, shop
D:2:      layout_basic, minmay_circled_x
D:3:      layout_loops_corners, minmay_quantized

Skill      XL: |  1  2 |
---------------+-------+-----
Axes           | 2 3 |  3.7
Fighting       | |  3.2
Armour         | |  3.2
Shields        | |  3.2

Action                     |  1- 3 |  4- 6 || total
---------------------------+-------+-------++-------
  Melee: War axe           |   113 |     8 ||   121
    Use: Scroll            |     6 |       ||     6
         Potion            |     1 |       ||     1
 Armour: Scale mail        |    51 |     9 ||    60
  Dodge: Dodged            |    43 |     9 ||    52
  Block: Buckler           |    16 |     4 ||    20

Table legend:
 A = Non-vault XP
 B = Vault XP
 C = Vault XP percentage of total XP
 D = Non-vault monster count
 E = Vault monster count
 F = Vault count percentage of total count
                 A         B        C        D         E       F
            +---------+---------+-------+---------+---------+-------
      Total |      71 |      11 |  13.4 |      34 |       6 |  15.0
            +---------+---------+-------+---------+---------+-------
        D:1 |      26 |       0 |   0.0 |      17 |       0 |   0.0
        D:2 |      41 |       5 |  10.9 |      14 |       4 |  22.2
        D:3 |       4 |       6 |  60.0 |       3 |       2 |  40.0
            +---------+---------+-------+---------+---------+-------
